 Dungeon Crawl Stone Soup version 0.24.0-35-gdb84b6a5db (webtiles) character file.

Game seed: 1531838863222544965, levelgen mode: deterministic

5759 Curus the Cleaver (level 10, 0/83 HPs)
             Began as a Purple Draconian Berserker on Nov 18, 2019.
             Was an Elder of Trog.
             Killed by vampiric draining
             ... invoked by Teror's ghost
              (18 damage)
             ... on level 8 of the Dungeon.
             The game lasted 00:25:43 (7434 turns).

Curus the Cleaver (Purple Draconian Berserker)      Turns: 7434, Time: 00:25:44

Health: 0/83       AC: 11    Str: 18    XL:     10   Next: 49%
Magic:  10/10      EV: 15    Int: 12    God:    Trog [****..]
Gold:   241        SH:  0    Dex: 21    Spells: 9/9 levels left

rFire    . . .     SeeInvis .   q - +4 hand axe (elec)
rCold    . . .     Gourm    +   (no shield)
rNeg     . . .     Faith    .   (armour unavailable)
rPois    +         Spirit   .   y - +1 hat {MR+}
rElec    .         Reflect  .   l - scarf {cloud immunity}
rCorr    .         Harm     .   c - +1 pair of gloves
MR       ++...                  d - +0 pair of boots
Stlth    ++........             t - amulet of the gourmand
HPRegen  0.23/turn              x - ring "Varyafur" {Fire Str-2 Int+4 Dex+8 Slay+3}
MPRegen  0.12/turn              w - ring of ice

@: berserk cooldown, slowed, drained, very slow
A: breathe power, unfitting armour, big wings, fangs 1, poison resistance,
evolution 1, cold-blooded, AC +7
a: Breathe Dispelling Energy, Fly, Berserk, Trog's Hand, Brothers in Arms,
Renounce Religion


You were on level 8 of the Dungeon.
You worshipped Trog.
Trog was greatly pleased with you.
You were not hungry.

You visited 1 branch of the dungeon, and saw 8 of its levels.

You collected 241 gold pieces.

Inventory:

Hand Weapons
 a - a +0 hand axe
 q - a +4 hand axe of electrocution (weapon)
Armour
 c - a +1 pair of gloves (worn)
 d - a +0 pair of boots (worn)
 l - a scarf of cloud immunity (worn)
 p - a +0 cloak
 u - a scarf of cloud immunity
 y - a +1 hat of magic resistance (worn)
Jewellery
 k - an uncursed amulet of the acrobat
 t - an amulet of the gourmand (around neck)
 w - a ring of ice (right hand)
 x - the ring "Varyafur" (left hand) {Fire Str-2 Int+4 Dex+8 Slay+3}
   (You found it on level 8 of the Dungeon)

   [ring of fire]

   It enhances your fire magic.
   It affects your strength (-2).
   It affects your intelligence (+4).
   It affects your dexterity (+8).
   It affects your accuracy and damage with ranged weapons and melee attacks
   (+3).
   It protects you from fire.
   It makes you vulnerable to cold.
Wands
 m - a wand of scattershot (4)
 n - a wand of random effects (18)
 s - a wand of iceblast (21)
Scrolls
 e - 3 scrolls of remove curse
 f - 2 scrolls of magic mapping
 g - 4 scrolls of teleportation
 i - 5 scrolls of identify
 v - a scroll of blinking
Potions
 h - 3 potions of curing
 j - 2 potions of invisibility
 o - a potion of brilliance
 r - 2 potions of haste
Comestibles
 b - 13 rations


   Skills:
 + Level 5.8(4.8) Fighting
 - Level 14.2(13.0) Axes
 + Level 4.8(3.8) Dodging


You had 9 spell levels left.
You didn't know any spells.
Your spell library was empty.

Dungeon Overview and Level Annotations

Branches:
Dungeon (8/15)             Temple (0/1) D:5
   Lair: D:8-11

Altars:
Gozag
Hepliaklqana
Xom
The Shining One

Annotations:
D:5 2 transporters, Descartes's ghost, novice VSMo
D:8 Teror's ghost, novice DsNe


Innate Abilities, Weirdness & Mutations

You can breathe bolts of dispelling energy.
Your rich purple scales are hard. (AC +7)
You cannot fit into any form of body armour.
You are cold-blooded and may be slowed by cold attacks.
Your large and strong wings let you fly indefinitely.
You have very sharp teeth.
Your system is resistant to poisons. (rPois)
You evolve.


Message History

The spriggan barely misses you.
Teror's ghost hits you but does no damage.
You feel drained.
You hit Teror's ghost but do no damage.
Teror's ghost is severely damaged.
The spriggan hits you from afar with the cursed +1 spear of Upheaval {freeze, SInv Stlth+}.
You feel as though you will be slow longer.
The spriggan freezes you.
Teror's ghost gestures at you while chanting.
You resist with almost no effort.
The spriggan hits you from afar with a +0 trident!
The spriggan closely misses you. Teror's ghost misses you.
The spriggan barely misses you.
There is a stone staircase leading up here.
The spriggan hits you from afar with the cursed +1 spear of Upheaval {freeze, SInv Stlth+}!
* * * LOW HITPOINT WARNING * * *
The spriggan freezes you.
* * * LOW HITPOINT WARNING * * *
Teror's ghost is infused with unholy energy.
You die...

#.#.....##.###.# #.#.####..
#.##...##...##.# #.........
#>###..........#
#######.#.#..... #.#
#####...######...[..........#
#.# ##.## #....)...#.#.####
..# #.# #..#####.#>#.# ###
#.######..# #.#.#.#
#.........# #.#.#.# ##
#######@..#####...#.# #.
#####...W........###.# #.
#.....ii....####.# #.# #.
♣♣#⌠...⌠#♣♣.# #.# #.###.
♣$♣##†##♣[♣.####.# #.....
♣♣.♣....♣.♣.##^#.#######.
♣♣..♣...♣♣..............
♣..!♣..♣.###.#.#######.
♣..♣....♣.# ###.##### #.


You could see 2 spriggans and Teror's ghost.

Vanquished Creatures
  Gastronok (D:8)
  2 two-headed ogres
  A wyvern (D:8)
  A hungry ghost (D:7)
  Menkaure (D:6)
  Edmund (D:5)
  Duvessa (D:5)
  2 orc warriors (D:6)
  A black bear (D:7)
  A sky beast (D:6)
  A necrophage (D:5)
  A wolf (D:8)
  A centaur (D:7)
  6 ogres
  4 bullfrogs
  Blork the orc (D:5)
  Dowan (D:5)
  A water moccasin skeleton (D:5)
  A howler monkey (D:6)
  A crimson imp (D:7)
  2 hounds
  2 jellies
  An orc priest (D:7)
  6 orc wizards
  An iguana (D:4)
  A worker ant (D:4)
  3 hound skeletons
  A mummy (D:6)
  2 worker ant zombies
  9 adders
  3 gnolls (D:8)
  A shadow imp (D:7)
  An ooze (D:6)
  2 adder skeletons
  2 worms
  3 dart slugs
  8 leopard geckos
  24 orcs
  2 ball pythons
  12 bats
  5 giant cockroaches
  6 goblins
  11 hobgoblins
  3 jackals (D:2)
  3 quokkas
  5 frilled lizards
  A giant cockroach zombie (D:5)
  A jackal skeleton (D:7)
  A jackal zombie (D:5)
  8 kobolds
  4 orc zombies (D:6)
  A quokka zombie (D:6)
  10 rats
175 creatures vanquished.

Vanquished Creatures (others)
  5 plants (D:8)
5 creatures vanquished.

Grand Total: 180 creatures vanquished

Notes
Turn   | Place    | Note
-------+----------+-------------------------------------------
     0 | D:1      | Curus the Draconian Berserker began the quest for the Orb.
     0 | D:1      | Reached XP level 1. HP: 19/19 MP: 1/1
   264 | D:1      | Reached XP level 2. HP: 26/26 MP: 2/2
   827 | D:1      | Reached skill level 4 in Axes
  1081 | D:2      | Reached XP level 3. HP: 28/31 MP: 3/3
  1202 | D:2      | Reached ** piety under Trog
  1397 | D:2      | Reached XP level 4. HP: 36/38 MP: 4/4
  1419 | D:2      | Reached skill level 5 in Axes
  1717 | D:3      | Reached *** piety under Trog
  2298 | D:4      | Reached XP level 5. HP: 19/45 MP: 5/5
  2491 | D:4      | Reached skill level 6 in Axes
  3064 | D:5      | Entered Level 5 of the Dungeon
  3067 | D:5      | Noticed Descartes's ghost (novice VSMo)
  3079 | D:5      | Found a transporter.
  3104 | D:5      | Found a transporter.
  3110 | D:5      | Found a hazy altar of Hepliaklqana.
  3112 | D:5      | Noticed a necrophage
  3130 | D:5      | Killed a necrophage
  3130 | D:5      | Reached XP level 6. HP: 40/51 MP: 6/6
  3146 | D:5      | Found a staircase to the Ecumenical Temple.
  3291 | D:5      | Noticed Blork the orc
  3300 | D:5      | Killed Blork the orc
  3300 | D:5      | Reached skill level 7 in Axes
  3429 | D:5      | Noticed Dowan
  3431 | D:5      | Noticed Duvessa
  3444 | D:5      | Killed Duvessa
  3447 | D:5      | Killed Dowan
  3447 | D:5      | Reached skill level 8 in Axes
  3447 | D:5      | Your scales start taking on a rich purple colour.
  3447 | D:5      | Reached XP level 7. HP: 57/57 MP: 7/7
  3454 | D:5      | Gained mutation: Your body sometimes deteriorates upon
                  | taking damage. [potion of mutation]
  3454 | D:5      | Gained mutation: You have very sharp teeth. [potion of
                  | mutation]
  3454 | D:5      | Gained mutation: You are robust. (+10% HP) [potion of
                  | mutation]
  3454 | D:5      | Gained mutation: You expend magic power (3 MP) to
                  | strengthen your wands. [potion of mutation]
  3692 | D:5      | Noticed Edmund
  3715 | D:5      | Killed Edmund
  3715 | D:5      | Reached skill level 9 in Axes
  4067 | D:5      | Lost mutation: You expend magic power (3 MP) to strengthen
                  | your wands. [potion of mutation]
  4067 | D:5      | Lost mutation: Your body sometimes deteriorates upon taking
                  | damage. [potion of mutation]
  4067 | D:5      | Lost mutation: You are robust. (+10% HP) [potion of
                  | mutation]
  4067 | D:5      | Gained mutation: Your system is resistant to poisons.
                  | (rPois) [potion of mutation]
  4067 | D:5      | Gained mutation: You evolve. [potion of mutation]
  4067 | D:5      | Gained mutation: Your large and strong wings let you fly
                  | indefinitely. [potion of mutation]
  4145 | D:6      | Received a gift from Trog
  4452 | D:6      | Noticed a two-headed ogre
  4461 | D:6      | Killed a two-headed ogre
  4461 | D:6      | Reached skill level 11 in Axes
  4461 | D:6      | Reached XP level 8. HP: 63/63 MP: 8/8
  4499 | D:6      | Received a gift from Trog
  4804 | D:6      | Reached XP level 9. HP: 70/70 MP: 9/9
  4832 | D:6      | Found a shimmering altar of Xom.
  4834 | D:6      | Found a glowing golden altar of the Shining One.
  4834 | D:6      | Found an opulent altar of Gozag.
  4840 | D:6      | Found a shimmering altar of Xom.
  4840 | D:6      | Found a white marble altar of Elyvilon.
  4840 | D:6      | Found a shimmering altar of Xom.
  4880 | D:6      | Noticed Menkaure
  4887 | D:6      | Reached skill level 12 in Axes
  4888 | D:6      | Killed Menkaure
  5215 | D:7      | Reached **** piety under Trog
  5351 | D:7      | Reached skill level 13 in Axes
  6101 | D:8      | Found a runed translucent door.
  6102 | D:8      | Noticed Teror's ghost (novice DsNe)
  6437 | D:8      | Noticed a two-headed ogre
  6447 | D:8      | HP: 3/70 [two-headed ogre/+0 giant club (20)]
  6451 | D:8      | Killed a two-headed ogre
  6451 | D:8      | Reached skill level 14 in Axes
  6451 | D:8      | Reached XP level 10. HP: 5/77 MP: 10/10
  6724 | D:8      | Identified the cursed +1 spear of Upheaval {freeze, SInv
                  | Stlth+}
  6931 | D:8      | Noticed Gastronok
  7211 | D:8      | Got a smoking golden ring
  7386 | D:8      | Killed Gastronok
  7386 | D:8      | Reached skill level 5 in Fighting
  7414 | D:8      | Identified the ring "Varyafur" {Fire Str-2 Int+4 Dex+8
                  | Slay+3} (You found it on level 8 of the Dungeon)
  7434 | D:8      | Killed from afar by Teror's ghost

Levels and vault maps discovered:
D:1:      dpeg_arrival_round_c, layout_basic
D:2:      layout_rooms
D:3:      layout_basic
D:4:      layout_basic
D:5:      layout_gridville, minmay_temple_entry_junction, basic_altar,
          gammafunk_ghost_stat_death, first_ration, uniq_blork_the_orc,
          uniq_duvessa, uniq_edmund
D:6:      layout_loops_ring, doesnt_xom_only_xom, minmay_mini_ossuary,
          uniq_menkaure
D:7:      layout_loops_cross, grunt_ogre_cave
D:8:      layout_loops_ring, ebering_ghost_funeral_grove, uniq_gastronok

Skill      XL: |  1  2  3  4  5  6  7  8  9 10 |
---------------+-------------------------------+-----
Axes           | 4 5 6 8 11 14 | 14.2
Fighting       | 5 |  5.8
Dodging        | 4 |  4.8

Action                   |  1- 3 |  4- 6 |  7- 9 | 10-12 || total
-------------------------+-------+-------+-------+-------++-------
Melee: Hand axe          |   155 |   223 |   283 |    29 ||   690
       Tailslap          |    17 |    39 |    28 |     7 ||    91
       Bite              |       |       |    32 |     7 ||    39
Invok: Berserk           |       |     2 |     8 |     2 ||    12
       Trog's Hand       |       |       |     1 |       ||     1
 Abil: Breathe Dispellin |       |       |     4 |     1 ||     5
Evoke: Wand              |       |       |     1 |     1 ||     2
  Use: Potion            |     4 |     2 |     5 |       ||    11
       Scroll            |     3 |     6 |     5 |       ||    14
 Stab: Sleeping          |     1 |       |       |       ||     1
  Eat: Chunk             |     2 |     7 |    18 |       ||    27
       Ration            |       |       |     1 |     2 ||     3
Armor: Skin              |    63 |    67 |    58 |     9 ||   197
Dodge: Dodged            |   112 |   129 |   154 |    14 ||   409
